[Event "Titled Tuesday Blitz October 12 2021"]
[White "Demchenko, Anton"]
[Black "Iskusnyh, Sergei"]
[WhiteFideId "4160258"]
[BlackFideId "4120027"]
[WhiteElo "2583"]
[BlackElo "2492"]
[Result "1-0"]
[Round "03"]
[TimeControl "180+1"]
[Date "2021.10.12"]
[WhiteClock "0:00:08"]
[BlackClock "0:00:07"]

1. e4 e6 2. d4 d5 3. Nc3 Nf6 4. Bg5 dxe4 5. Nxe4 Nbd7 6. Nf3 h6 7. Bxf6 Nxf6 8. Bd3 Nxe4 9. Bxe4 c5 10. Qe2 Qa5+ 11. c3 cxd4 12. Nxd4 Be7 13. O-O-O O-O 14. Kb1 Rd8 15. h4 Bd7 16. g4 e5 17. Nb3 Qb6 18. g5 Bf8 19. Rdg1 a5 20. gxh6 Qxh6 21. Rg5 Bc6 22. Bxc6 Qxc6 23. Rhg1 a4 24. Qg4 Qf6 25. Nc1 a3 26. b3 Rd2 27. Rf5 Qh6 28. Qg5 Qxg5 29. hxg5 Rad8 30. Rxe5 Rb2+ 31. Ka1 Bd6 32. Re4 Bc5 33. b4 Bxf2 34. Rf1 Bg3 35. Nb3 Rdd2 36. Nxd2 Rxd2 37. Rh1 g6 38. Re8+ Kg7 39. Reh8 Rd1+ 40. Rxd1 Kxh8 41. Kb1 b6 42. Kc2 Kg7 43. Kb3 Bf4 44. Rg1 Bd2 45. c4 Kf8 46. Rg2 Be1 47. Kxa3 Bc3 48. Kb3 Be5 49. c5 bxc5 50. bxc5 Bc7 51. Kc4 Ke7 52. Kd5 Kd7 53. a4 Bd8 54. c6+ Kc7 55. Rf2 Bxg5 56. Rxf7+ Kb6 57. Rb7+ Ka6 58. Rg7 1-0


[Site "https://www.chess.com"]

[Event "Titled Tuesday Blitz October 12 2021"]
[White "Erdogmus, Yagiz Kaan"]
[Black "Visakh N R"]
[WhiteFideId "44599790"]
[BlackFideId "25012223"]
[WhiteElo "1783"]
[BlackElo "2454"]
[Result "1/2-1/2"]
[Round "03"]
[TimeControl "180+1"]
[Date "2021.10.12"]
[WhiteClock "0:00:06"]
[BlackClock "0:00:16"]

1. e4 c6 2. Nc3 d5 3. Nf3 g6 4. h4 h6 5. d4 dxe4 6. Nxe4 Bg7 7. Bc4 Bf5 8. Ng3 Bg4 9. c3 e6 10. h5 g5 11. Qb3 b5 12. Be2 Ne7 13. a4 bxa4 14. Rxa4 Nd7 15. Qa3 a5 16. Bd3 O-O 17. Nh2 Bf5 18. Nxf5 Nxf5 19. O-O Re8 20. Qa1 Nc5 21. Bxf5 Nxa4 22. Be4 Nb6 23. Bxc6 a4 24. Ng4 Rc8 25. Bxe8 Qxe8 26. f4 f5 27. Ne5 Qxh5 28. Qa3 Bf8 29. Qa2 Re8 30. c4 Qe2 31. c5 Nd5 32. Qxa4 Re7 33. Qd1 Qxd1 34. Rxd1 gxf4 35. Kf2 Bg7 36. Kf3 Bxe5 37. dxe5 Rc7 38. Bxf4 Rxc5 39. Bxh6 Rb5 40. Rd2 Rb3+ 41. Kf2 f4 42. Rd4 Rxb2+ 43. Kf3 Rb3+ 44. Kf2 Kh7 45. Bxf4 Kg6 46. Bh2 Rb2+ 47. Kf3 Rb3+ 48. Kf2 Ne3 49. Re4 Nd1+ 50. Kf1 Kf5 51. Rf4+ Kg5 52. Rf6 Ne3+ 53. Ke2 Ng4 54. Bf4+ Kh5 55. Rxe6 Rb2+ 56. Kf3 Rb3+ 57. Ke4 Rb8 58. Kf5 Rf8+ 59. Rf6 Nxf6 60. exf6 Kh4 61. Bh6 Rxf6+ 62. Kxf6 Kg3 63. Kf5 Kxg2 1/2-1/2


[Site "https://www.chess.com"]

[Event "Titled Tuesday Blitz October 12 2021"]
[White "Florescu, Codrut-Constantin"]
[Black "Abdyzhapar, Asylbek"]
[WhiteFideId "1202200"]
[BlackFideId "13800337"]
[WhiteElo "2243"]
[BlackElo "2383"]
[Result "0-1"]
[Round "03"]
[TimeControl "180+1"]
[Date "2021.10.12"]
[WhiteClock "0:00:03"]
[BlackClock "0:00:03"]

1. d4 Nf6 2. c4 g6 3. Nc3 d6 4. e4 Bg7 5. Nf3 O-O 6. Be2 e5 7. d5 Nbd7 8. h3 Nc5 9. Qc2 a5 10. Bg5 h6 11. Be3 c6 12. Nd2 cxd5 13. cxd5 Bd7 14. a4 Rc8 15. O-O Ne8 16. Bb5 f5 17. f3 Nf6 18. Bxd7 Qxd7 19. exf5 gxf5 20. Nc4 Qe7 21. Qxf5 e4 22. f4 Nb3 23. Nb6 Rce8 24. Rad1 Nd7 25. Qxd7 Qf6 26. Nc4 Qg6 27. Qxd6 Rf6 28. Qc7 Qg3 29. d6 Rg6 30. Rf2 Bf6 31. d7 Rd8 32. Nd5 Bh4 33. Re2 Qxh3 34. f5 Qxf5 35. Nf4 Rg7 36. Qd6 Rgxd7 37. Qxh6 Rxd1+ 38. Kh2 Qg4 39. Ne5 Qg3# 0-1


[Site "https://www.chess.com"]

[Event "Titled Tuesday Blitz October 12 2021"]
[White "Gaehwiler, Gabriel"]
[Black "Bortnyk, Olexandr"]
[WhiteFideId "1314530"]
[BlackFideId "14120828"]
[WhiteElo "2320"]
[BlackElo "2723"]
[Result "1/2-1/2"]
[Round "03"]
[TimeControl "180+1"]
[Date "2021.10.12"]
[WhiteClock "0:00:13"]
[BlackClock "0:00:07"]

1. d4 Nf6 2. Nf3 d6 3. g3 g6 4. Bg2 Bg7 5. O-O O-O 6. c4 Bf5 7. b3 a5 8. Nc3 Ne4 9. Bb2 Nxc3 10. Bxc3 Be4 11. Nd2 Bxg2 12. Kxg2 c5 13. Nf3 Nc6 14. Qd2 cxd4 15. Nxd4 Nxd4 16. Bxd4 Bxd4 17. Qxd4 a4 18. h4 h5 19. Rfd1 Qc7 20. Qe4 Ra5 21. Rac1 axb3 22. axb3 Rfa8 23. Rd5 Rxd5 24. Qxd5 Ra2 25. e3 Qc6 26. b4 Rb2 27. Qxc6 bxc6 28. c5 d5 29. Ra1 Rxb4 30. Ra6 Rc4 31. Rxc6 Kg7 32. Rc8 Kf6 33. Kf3 Ke6 34. c6 Rc2 35. Kg2 Rc3 36. Kf1 Rc5 37. Kg2 Kd6 38. Rd8+ Kxc6 39. Rf8 Kd6 40. Rxf7 Ke6 41. Rg7 Kf6 42. Rg8 Rc2 43. Rf8+ Ke6 44. Rg8 Kf7 45. Rd8 Rd2 46. Kf1 e6 47. Ke1 Ra2 48. Rd7+ Kf6 49. Rd8 Ke5 50. Rg8 Kf5 51. Rf8+ Ke5 52. Kf1 Rb2 53. Rg8 Kf6 54. Rf8+ Kg7 55. Rd8 Kf7 56. Kg2 Ra2 57. Kf3 Rd2 58. Rd7+ Kf6 59. Rd8 e5 60. Rd6+ Kf5 61. Rxd5 Rxd5 62. e4+ Ke6 63. exd5+ Kxd5 64. Ke3 Kd6 65. Ke4 Ke6 66. f3 Kd6 67. g4 Ke6 68. gxh5 gxh5 69. f4 exf4 70. Kxf4 Kf6 71. Ke4 Ke6 72. Kf4 Kf6 73. Ke4 Ke6 74. Kf4 1/2-1/2


[Site "https://www.chess.com"]

[Event "Titled Tuesday Blitz October 12 2021"]
[White "Garcia Garcia, Alejandro"]
[Black "Mikhalevski, Victor"]
[WhiteFideId "3516334"]
[BlackFideId "2801914"]
[WhiteElo "2131"]
[BlackElo "2577"]
[Result "0-1"]
[Round "03"]
[TimeControl "180+1"]
[Date "2021.10.12"]
[WhiteClock "0:00:01"]
[BlackClock "0:00:57"]

1. Nf3 Nf6 2. g3 d5 3. Bg2 c6 4. O-O Bg4 5. h3 Bh5 6. d3 Nbd7 7. Qe1 e5 8. e4 dxe4 9. dxe4 Bc5 10. Nh4 O-O 11. b3 a5 12. a4 Bd4 13. c3 Bb6 14. Nd2 Nc5 15. Nc4 Nd3 16. Qd2 Nxc1 17. Qxc1 Bc5 18. Qg5 Re8 19. g4 h6 20. Qc1 Nxe4 21. Nf5 Nxf2 22. Rxf2 Bxf2+ 23. Kxf2 Bg6 24. Ncd6 Bxf5 25. Nxf5 Qb6+ 26. Qe3 Qxb3 27. Rf1 Rad8 28. g5 Qc2+ 29. Kg1 Qd2 30. Qf3 Qxg5 31. Nd6 Rf8 32. Nxb7 Rd5 33. Qe2 Rd2 34. Qf3 f5 35. Nc5 e4 36. Nxe4 Rxg2+ 37. Qxg2 Qxg2+ 38. Kxg2 fxe4 39. Rd1 Rf3 40. Rd8+ Kh7 41. c4 Rc3 42. Rd4 Rc2+ 43. Kf1 e3 44. Re4 e2+ 45. Ke1 c5 46. Rf4 g5 47. Re4 Kg6 0-1


[Site "https://www.chess.com"]

[Event "Titled Tuesday Blitz October 12 2021"]
[White "Gasanov, Eldar"]
[Black "Ozates, Tuna"]
[WhiteFideId "14104466"]
[BlackFideId "6354521"]
[WhiteElo "2454"]
[BlackElo "1872"]
[Result "1/2-1/2"]
[Round "03"]
[TimeControl "180+1"]
[Date "2021.10.12"]
[WhiteClock "0:00:11"]
[BlackClock "0:00:07"]

1. d4 Nf6 2. c4 e6 3. Nf3 b6 4. Bf4 Bb7 5. e3 Bb4+ 6. Nfd2 O-O 7. a3 Be7 8. Nc3 d5 9. cxd5 Nxd5 10. Nxd5 Bxd5 11. Rc1 c5 12. dxc5 Bxc5 13. Qg4 Nd7 14. b4 Nf6 15. Qh3 Bd6 16. Be2 Bxf4 17. exf4 Qd6 18. Qg3 Rac8 19. O-O Bxg2 20. Rxc8 Rxc8 21. Qxg2 Qxd2 22. Qb7 Re8 23. Bb5 Rf8 24. Qxa7 Qxf4 25. Qxb6 Ng4 26. Rd1 Qxh2+ 27. Kf1 Qh1+ 28. Ke2 Qe4+ 29. Kf1 Nh2+ 30. Kg1 Nf3+ 31. Kf1 Nh2+ 32. Kg1 Qg4+ 33. Kxh2 Qxd1 34. a4 Qh5+ 35. Kg3 Qe5+ 36. Kf3 Qc3+ 37. Kg2 Qxb4 38. a5 h5 39. a6 h4 40. a7 Qe4+ 41. Kh2 Qf4+ 42. Kg2 Qg4+ 43. Kh2 Qf4+ 44. Kg2 Qg5+ 45. Kh3 Rc8 46. Bc6 Qf5+ 47. Kg2 Qg4+ 48. Kh2 Qf4+ 49. Kg2 h3+ 50. Kxh3 Qf5+ 51. Kg3 Qe5+ 52. Kg2 Qg5+ 53. Kh2 Qh6+ 54. Kg2 Qg5+ 55. Kh2 Qh4+ 56. Kg2 Qg4+ 57. Kh2 Qf4+ 58. Kg2 Qg5+ 1/2-1/2


[Site "https://www.chess.com"]

[Event "Titled Tuesday Blitz October 12 2021"]
[White "Ghimpu, Samuel-Timotei"]
[Black "Kollars, Dmitrij"]
[WhiteFideId "1238175"]
[BlackFideId "12909572"]
[WhiteElo "2012"]
[BlackElo "2584"]
[Result "1-0"]
[Round "03"]
[TimeControl "180+1"]
[Date "2021.10.12"]
[WhiteClock "0:00:07"]
[BlackClock "0:00:04"]

1. e4 c6 2. d4 d5 3. e5 Bf5 4. Nd2 e6 5. Nb3 Nd7 6. Nf3 a6 7. Be2 c5 8. dxc5 Nxc5 9. O-O Rc8 10. Nfd4 Bg6 11. c3 Qc7 12. Re1 Nh6 13. h4 Nxb3 14. axb3 Bc5 15. h5 Be4 16. Bxh6 gxh6 17. b4 Bb6 18. f3 Bc2 19. Qd2 Qe7 20. g3 Rg8 21. Kh2 Bxd4 22. cxd4 Bb3 23. Rec1 Kd7 24. b5 a5 25. b6 Qb4 26. Qxb4 axb4 27. Bb5+ Ke7 28. Kg2 Bc4 29. Bxc4 Rxc4 30. Rxc4 dxc4 31. Ra4 Rd8 32. Rxb4 Rxd4 33. Kf2 Kd7 34. Ke3 Rd3+ 35. Ke4 Rb3 36. Rxc4 Rxb6 37. b4 Ra6 38. Kd3 Ra3+ 39. Ke2 Rb3 40. Rf4 Ke8 41. Kd2 b5 42. Ke2 Kf8 43. Kf2 Rc3 44. Ke2 Ra3 45. g4 Rc3 46. Kd2 Rb3 47. Ke2 Ra3 48. Kd2 Ke7 49. Ke2 Rc3 50. Kd2 Rc8 51. Ke2 Rd8 52. Ke3 Rd5 53. Re4 Kf8 54. f4 Rd1 55. Rd4 Rb1 56. Kf3 Rb3+ 57. Ke4 Ke7 58. f5 Rb1 59. f6+ Ke8 60. Kf4 Rf1+ 61. Ke4 Rg1 62. Kf4 Rc1 63. Ke4 Rc3 64. Kf4 Rc2 65. Ke4 Rc1 66. Kf4 Re1 67. Re4 Rf1+ 68. Ke3 Kd7 69. Rd4+ Kc7 70. Rd6 Re1+ 71. Kd4 Rg1 72. Ra6 Kb7 73. Rd6 Kc7 74. Ra6 Kb7 75. Rd6 Kc8 76. Kc5 Re1 77. Kxb5 Rxe5+ 78. Kc6 Re4 79. b5 Rc4+ 80. Kb6 Rxg4 81. Rc6+ Kb8 82. Rc7 Rd4 83. Rxf7 Rd6+ 84. Kc5 Rd5+ 85. Kc6 Rd1 86. Rf8+ Ka7 87. b6+ Ka6 88. Ra8# 1-0


[Site "https://www.chess.com"]

[Event "Titled Tuesday Blitz October 12 2021"]
[White "Gupta, Abhijeet"]
[Black "Nigmatov, Ortik"]
[WhiteFideId "5010608"]
[BlackFideId "14202131"]
[WhiteElo "2549"]
[BlackElo "2346"]
[Result "0-1"]
[Round "03"]
[TimeControl "180+1"]
[Date "2021.10.12"]
[WhiteClock "0:00:15"]
[BlackClock "0:00:13"]

1. b3 Nf6 2. Bb2 e6 3. g3 Be7 4. Bg2 O-O 5. c4 d5 6. e3 c5 7. Ne2 Nc6 8. O-O d4 9. exd4 cxd4 10. d3 e5 11. Nd2 Bg4 12. h3 Bf5 13. Nc1 Qd7 14. Kh2 h5 15. Ne4 h4 16. Nxf6+ Bxf6 17. g4 Bg6 18. Qe2 Bg5 19. Kh1 f5 20. Rg1 fxg4 21. Bd5+ Kh7 22. Rxg4 Qf5 23. Be4 Qf6 24. Ba3 Rf7 25. f4 exf4 26. Rxh4+ Kg8 27. Rg4 Bxe4+ 28. Qxe4 f3 29. Qd5 Ne5 30. Rg1 Qf5 31. Rg3 f2 32. Ne2 f1=Q+ 33. Rxf1 Qxf1+ 34. Ng1 Bf4 35. Rg2 Re8 36. Bd6 Nf3 37. Bxf4 Nxg1 38. Rxg7+ Kxg7 39. Qg5+ Kh8 40. Qh6+ Kg8 41. Qg6+ Kf8 42. Qh6+ Rg7 43. Bd6+ Kg8 0-1


[Site "https://www.chess.com"]

[Event "Titled Tuesday Blitz October 12 2021"]
[White "Ibrahimli, Murad"]
[Black "Avila Pavas, Santiago"]
[WhiteFideId "13410229"]
[BlackFideId "4437128"]
[WhiteElo "2109"]
[BlackElo "2292"]
[Result "1-0"]
[Round "03"]
[TimeControl "180+1"]
[Date "2021.10.12"]
[WhiteClock "0:00:12"]
[BlackClock "0:00:04"]

1. e4 Nf6 2. e5 Nd5 3. d4 d6 4. Nf3 g6 5. Bc4 Nb6 6. Bb3 Bg7 7. Ng5 e6 8. f4 dxe5 9. fxe5 O-O 10. O-O c5 11. c3 cxd4 12. cxd4 Nc6 13. Be3 Nd5 14. Bxd5 exd5 15. Nc3 f6 16. exf6 Bxf6 17. Qd2 Bf5 18. Rxf5 gxf5 19. Ne6 Qd7 20. Nxf8 Rxf8 21. Rf1 Qe6 22. Kh1 Re8 23. Bg1 Bg7 24. Qf4 Rf8 25. h3 a6 26. Bf2 Qd7 27. Qf3 Rd8 28. Ne2 Re8 29. Ng3 f4 30. Qxf4 Rf8 31. Qg5 h6 32. Qg6 Rf6 33. Qd3 Qf7 34. Qe2 Nxd4 35. Bxd4 Rxf1+ 36. Nxf1 Bxd4 37. b3 Qf4 38. g3 Qe4+ 39. Qxe4 dxe4 40. Nd2 e3 41. Nf3 Bc5 42. Kg2 Kf7 43. Kf1 Ke6 44. Ke2 Kd5 45. Nh4 Ke4 46. g4 Kf4 47. Nf5 h5 48. Nh6 Kg5 49. Nf7+ Kf6 50. Nd8 hxg4 51. hxg4 b5 52. Nb7 Bb6 53. Nd6 Kg5 54. Kf3 Kf6 55. Nf5 Ke5 56. Nxe3 Kd4 57. g5 Kc3 58. Nd5+ Kb2 59. Nxb6 1-0


[Site "https://www.chess.com"]

[Event "Titled Tuesday Blitz October 12 2021"]
[White "Karttunen, Mika"]
[Black "Yeletsky, Ivan"]
[WhiteFideId "502081"]
[BlackFideId "24180327"]
[WhiteElo "2343"]
[BlackElo "2352"]
[Result "1-0"]
[Round "03"]
[TimeControl "180+1"]
[Date "2021.10.12"]
[WhiteClock "0:00:32"]
[BlackClock "0:00:35"]

1. e4 Nf6 2. e5 Nd5 3. d4 d6 4. exd6 exd6 5. c4 Nf6 6. Nc3 d5 7. Nf3 Be7 8. Qb3 dxc4 9. Bxc4 O-O 10. Ne5 Qe8 11. O-O Nc6 12. Nxc6 Qxc6 13. Bf4 a6 14. a4 Be6 15. d5 Nxd5 16. Bxd5 Bxd5 17. Qxd5 Qb6 18. Qd2 c6 19. Ne4 Rfd8 20. Qc2 h6 21. Rad1 Rd5 22. Be3 Qa5 23. Rxd5 cxd5 24. Nc3 Rd8 25. Rd1 Bf6 26. Bd4 Bg5 27. g3 Rd7 28. Qf5 Qd8 29. Re1 g6 30. Qe5 1-0


[Site "https://www.chess.com"]

[Event "Titled Tuesday Blitz October 12 2021"]
[White "Korchmar, Vasiliy"]
[Black "Kozak, Adam"]
[WhiteFideId "24131750"]
[BlackFideId "753246"]
[WhiteElo "2370"]
[BlackElo "2448"]
[Result "1-0"]
[Round "03"]
[TimeControl "180+1"]
[Date "2021.10.12"]
[WhiteClock "0:00:09"]
[BlackClock "0:00:04"]

1. e4 e6 2. d4 d5 3. exd5 Qxd5 4. Nf3 Nf6 5. c4 Bb4+ 6. Nc3 Qd8 7. Bd3 Nc6 8. O-O Nxd4 9. Nxd4 Qxd4 10. Nb5 Qd7 11. Qa4 Bd6 12. c5 Bxc5 13. Nxc7+ Ke7 14. Qxd7+ Bxd7 15. Nxa8 Rxa8 16. Bg5 Bc6 17. Rfd1 h6 18. Bh4 Bd4 19. Rab1 Rd8 20. Bc2 g5 21. Bg3 Rd7 22. b4 Nh5 23. b5 Bxb5 24. Rxb5 f6 25. Kf1 b6 26. f3 e5 27. Bf2 Rc7 28. Be4 Bxf2 29. Kxf2 Nf4 30. Rb2 Rc5 31. Rc2 Ra5 32. Rc7+ Ke6 33. Rc6+ Ke7 34. Rc2 Ke6 35. g3 Nh3+ 36. Kg2 g4 37. fxg4 f5 38. Bxf5+ Kf6 39. Kxh3 e4 40. Bxe4 Ke5 41. Bf5 Ra3 42. Re2+ Kf6 43. Rd6+ Kf7 44. Rxh6 b5 45. Rd2 Kg7 46. Rg6+ Kf8 47. Rd7 Ra6 48. Rxa6 b4 49. Raxa7 b3 50. Ra8# 1-0


[Site "https://www.chess.com"]

[Event "Titled Tuesday Blitz October 12 2021"]
[White "Le, Tuan Minh"]
[Black "Nenezic, Marko"]
[WhiteFideId "12401153"]
[BlackFideId "912123"]
[WhiteElo "2450"]
[BlackElo "2484"]
[Result "1-0"]
[Round "03"]
[TimeControl "180+1"]
[Date "2021.10.12"]
[WhiteClock "0:00:43"]
[BlackClock "0:00:06"]

1. d4 Nf6 2. Nf3 g6 3. Bg5 Bg7 4. Nbd2 O-O 5. c3 d6 6. e4 c5 7. dxc5 dxc5 8. Bc4 h6 9. Bxf6 Bxf6 10. Qe2 Qc7 11. O-O Bg7 12. Rfe1 Nc6 13. h3 Na5 14. Rad1 b6 15. Bd5 Rb8 16. e5 e6 17. Be4 Rd8 18. h4 Bd7 19. h5 g5 20. Bc2 Bc6 21. Nh2 Rd7 22. Ng4 Rbd8 23. Ne4 Rxd1 24. Nef6+ Bxf6 25. Nxf6+ Kg7 26. Bxd1 Bb7 27. f4 Nc6 28. Bc2 Ne7 29. fxg5 hxg5 30. h6+ Kf8 31. Qh5 Rd2 32. h7 Rxg2+ 33. Kf1 Ng6 34. h8=Q+ Nxh8 35. Qxh8+ 1-0


[Site "https://www.chess.com"]

[Event "Titled Tuesday Blitz October 12 2021"]
[White "Leenhouts, Koen"]
[Black "Nguyen, Ngoc Truong Son"]
[WhiteFideId "1008439"]
[BlackFideId "12401110"]
[WhiteElo "2409"]
[BlackElo "2596"]
[Result "0-1"]
[Round "03"]
[TimeControl "180+1"]
[Date "2021.10.12"]
[WhiteClock "0:00:02"]
[BlackClock "0:00:06"]

1. d4 Nf6 2. c4 e6 3. g3 c5 4. d5 exd5 5. cxd5 d6 6. Nc3 g6 7. Nf3 Bg7 8. Bg2 O-O 9. O-O a6 10. a4 Nbd7 11. Bf4 Ne8 12. e4 Qe7 13. Re1 Rb8 14. a5 b5 15. axb6 Rxb6 16. Qd2 Ne5 17. Nxe5 Bxe5 18. Bxe5 Qxe5 19. f4 Qd4+ 20. Qxd4 cxd4 21. Nd1 Bd7 22. Rc1 Rb4 23. e5 Ng7 24. Rc7 Rd8 25. exd6 Rb6 26. Nf2 Rxd6 27. Ne4 Ne8 28. Rc4 Rxd5 29. Nc5 Bb5 30. Bxd5 Rxd5 31. Rcc1 Nd6 32. b4 d3 33. Rcd1 d2 34. Re5 Rd4 35. Nb3 Rxb4 36. Rxd2 Nc4 37. Rd8+ Kg7 38. Rxb5 axb5 39. Nd4 Rb2 40. Rd7 b4 41. Ne6+ Kf6 42. Ng5 Kf5 43. h3 f6 44. Nf3 Ke4 45. Nh2 Rb1+ 46. Kf2 Rb2+ 47. Kg1 Ne3 48. Re7+ Kd3 49. Nf3 Rb1+ 50. Kf2 Rf1# 0-1


[Site "https://www.chess.com"]

[Event "Titled Tuesday Blitz October 12 2021"]
[White "Maksimenko, Viktor"]
[Black "Maly, Alexey"]
[WhiteFideId "13710478"]
[BlackFideId "14103184"]
[WhiteElo "2269"]
[BlackElo "2294"]
[Result "0-1"]
[Round "03"]
[TimeControl "180+1"]
[Date "2021.10.12"]
[WhiteClock "0:00:04"]
[BlackClock "0:00:51"]

1. d4 d5 2. c4 dxc4 3. Nf3 Nf6 4. e3 e6 5. Bxc4 a6 6. a4 c5 7. O-O Nc6 8. Nc3 cxd4 9. exd4 Nb4 10. Re1 Be7 11. Ne5 O-O 12. Bg5 Nfd5 13. Bd2 Bd7 14. Rc1 Rc8 15. Qf3 Bc6 16. Nxc6 Rxc6 17. Nxd5 Nxd5 18. Bxd5 Rxc1 19. Rxc1 exd5 20. Qb3 Qd7 21. Bf4 Bd8 22. h3 Re8 23. Be5 Re6 24. Rc3 Rc6 25. Re3 h6 26. Rc3 Ba5 27. Rxc6 Qxc6 28. g4 Bb6 29. Qf3 f6 30. Bg3 Bxd4 31. b3 Qe6 32. Kg2 Qe4 33. h4 g6 34. h5 Kf7 35. hxg6+ Kxg6 36. Qxe4+ dxe4 37. f3 f5 38. Bf4 h5 39. gxh5+ Kxh5 40. fxe4 fxe4 41. Kf1 Kg4 42. Bd6 Kf3 43. Bc5 Bxc5 0-1


[Site "https://www.chess.com"]

[Event "Titled Tuesday Blitz October 12 2021"]
[White "Mekhitarian, Krikor Sevag"]
[Black "Jacobson, Aaron"]
[WhiteFideId "2107660"]
[BlackFideId "2089912"]
[WhiteElo "2598"]
[BlackElo "2265"]
[Result "0-1"]
[Round "03"]
[TimeControl "180+1"]
[Date "2021.10.12"]
[WhiteClock "0:00:03"]
[BlackClock "0:00:05"]

1. e4 d5 2. exd5 Nf6 3. d4 Bg4 4. Be2 Bxe2 5. Qxe2 Qxd5 6. Nf3 e6 7. O-O Nc6 8. Rd1 O-O-O 9. c4 Qh5 10. Nc3 Rg8 11. Be3 g5 12. a3 g4 13. Ne1 e5 14. d5 Nd4 15. Bxd4 exd4 16. Rxd4 Bc5 17. Rf4 Bd6 18. Nd3 Bxf4 19. Nxf4 Qf5 20. g3 Rde8 21. Qd2 Ne4 22. Nxe4 Rxe4 23. c5 Qe5 24. d6 Rd8 25. Rd1 Qxc5 26. d7+ Kb8 27. Qd3 f5 28. Qb3 Qe7 29. Qd5 Re1+ 30. Rxe1 Qxe1+ 31. Kg2 Qe4+ 32. Qxe4 fxe4 33. Nd5 Rxd7 34. Nf6 Rd2 35. Nxg4 Rxb2 36. h4 c5 37. Kf1 c4 38. Ne3 c3 39. Ke1 b5 40. g4 a5 41. g5 b4 42. axb4 axb4 43. h5 b3 44. g6 hxg6 45. hxg6 c2 46. Kd2 Rb1 47. Nxc2 Rb2 48. g7 Rxc2+ 49. Ke3 Rc8 0-1


[Site "https://www.chess.com"]

[Event "Titled Tuesday Blitz October 12 2021"]
[White "Moroni, Luca Jr"]
[Black "Ovchinnikov, Vsevolod"]
[WhiteFideId "865834"]
[BlackFideId "24176842"]
[WhiteElo "2491"]
[BlackElo "2376"]
[Result "1-0"]
[Round "03"]
[TimeControl "180+1"]
[Date "2021.10.12"]
[WhiteClock "0:00:19"]
[BlackClock "0:00:02"]

1. d4 Nf6 2. c4 g6 3. Nc3 d5 4. cxd5 Nxd5 5. Bd2 Bg7 6. Nf3 O-O 7. Rc1 Nb6 8. Bf4 c6 9. e3 Bg4 10. Be2 N8d7 11. O-O Bxf3 12. Bxf3 e5 13. dxe5 Nxe5 14. Be2 Qxd1 15. Rfxd1 Rad8 16. b3 f5 17. Bg5 Rxd1+ 18. Nxd1 h6 19. Be7 Rf7 20. Bc5 Rd7 21. a4 Nd3 22. Bxd3 Rxd3 23. Bxb6 axb6 24. Rb1 Kf7 25. Kf1 Rd2 26. Ke1 Ra2 27. Kf1 Ke6 28. f3 Be5 29. f4 Bf6 30. Nf2 Rc2 31. Nd3 Rd2 32. Nf2 Kd5 33. Ke1 Bc3 34. Rd1 Rxd1+ 35. Kxd1 Kc5 36. Kc2 Bg7 37. Nd3+ Kd5 38. Nf2 Kc5 39. g4 Kd5 40. Kd3 Bf8 41. gxf5 gxf5 42. e4+ fxe4+ 43. Nxe4 Ke6 44. Ng3 Bd6 45. Ke4 Kf6 46. Nf5 Bf8 47. h3 Ke6 48. Nd4+ Kf6 49. Nf3 Bd6 50. Ne5 Bxe5 51. fxe5+ Ke6 52. Kf4 h5 53. h4 1-0


[Site "https://www.chess.com"]

[Event "Titled Tuesday Blitz October 12 2021"]
[White "Nakamura, Hikaru"]
[Black "Macovei, Andrei"]
[WhiteFideId "2016192"]
[BlackFideId "13904680"]
[WhiteElo "2884"]
[BlackElo "2389"]
[Result "1-0"]
[Round "03"]
[TimeControl "180+1"]
[Date "2021.10.12"]
[WhiteClock "0:01:26"]
[BlackClock "0:00:07"]

1. Nf3 Nf6 2. b3 d5 3. Bb2 c5 4. e3 e6 5. d4 Nc6 6. Bd3 Qc7 7. O-O cxd4 8. Nxd4 Be7 9. Nxc6 bxc6 10. Nd2 e5 11. c4 e4 12. Be2 O-O 13. Rc1 Qa5 14. a3 Be6 15. b4 Qb6 16. Nb3 Rfd8 17. Qc2 Rac8 18. Bd4 Qb8 19. h3 h6 20. Rfd1 Nd7 21. cxd5 cxd5 22. Qb2 Rxc1 23. Rxc1 Bf8 24. Na5 Qa8 25. Nc6 Rc8 26. Nxa7 Rxc1+ 27. Qxc1 Qb7 28. Qc8 Qxc8 29. Nxc8 Nb8 30. Na7 Bd7 31. Be5 Nc6 32. Nxc6 Bxc6 33. b5 Bb7 34. a4 Bb4 35. Bc7 Kf8 36. a5 Ke7 37. a6 Kd7 38. Be5 Ba8 39. b6 Kc6 40. b7 Bxb7 41. axb7 Kxb7 42. Bxg7 1-0


[Site "https://www.chess.com"]

[Event "Titled Tuesday Blitz October 12 2021"]
[White "Nogerbek, Kazybek"]
[Black "Piesik, Piotr"]
[WhiteFideId "13710427"]
[BlackFideId "1136194"]
[WhiteElo "2436"]
[BlackElo "2336"]
[Result "1-0"]
[Round "03"]
[TimeControl "180+1"]
[Date "2021.10.12"]
[WhiteClock "0:00:17"]
[BlackClock "0:01:04"]

1. d4 c5 2. d5 e5 3. Nc3 d6 4. e4 Be7 5. Bb5+ Nd7 6. a4 Bg5 7. Nf3 Bxc1 8. Qxc1 Ne7 9. Nd2 O-O 10. Bd3 Ng6 11. Nc4 Nf6 12. Nb5 Ne8 13. h4 Nxh4 14. Kf1 a6 15. Nbxd6 Nxd6 16. Nxd6 Nxg2 17. Nxb7 Bxb7 18. Kxg2 f5 19. c4 f4 20. Kf3 Rf6 21. Qc3 Qd6 22. Rag1 Re8 23. Ke2 Rg6 24. a5 Bc8 25. Kd2 Bd7 26. Qb3 Rb8 27. Rxg6 hxg6 28. Qc3 Rb4 29. b3 g5 30. Bc2 g4 31. Rh5 g3 32. fxg3 Rb8 33. Qxe5 Qxe5 34. Rxe5 fxg3 35. Rg5 Rf8 36. Rxg3 Rf2+ 37. Kc3 Kf7 38. e5 Bf5 39. e6+ Kf6 40. Bxf5 Rxf5 41. b4 cxb4+ 42. Kxb4 g5 43. Kc5 1-0


[Site "https://www.chess.com"]

[Event "Titled Tuesday Blitz October 12 2021"]
[White "Obregon, Andres Carlos"]
[Black "Aggelis, Nikolaos"]
[WhiteFideId "111724"]
[BlackFideId "4213220"]
[WhiteElo "2572"]
[BlackElo "2154"]
[Result "1-0"]
[Round "03"]
[TimeControl "180+1"]
[Date "2021.10.12"]
[WhiteClock "0:00:49"]
[BlackClock "0:00:22"]

1. e4 e5 2. Nf3 Nc6 3. d4 exd4 4. Nxd4 Bc5 5. Be3 Bb6 6. Bc4 Nf6 7. Nc3 O-O 8. O-O Re8 9. f3 Na5 10. Bb5 c6 11. Be2 d5 12. b4 dxe4 13. bxa5 exf3 14. axb6 Rxe3 15. Rxf3 Rxf3 16. Nxf3 Qxb6+ 17. Qd4 Bf5 18. Qxb6 axb6 19. Bd3 Bxd3 20. cxd3 Ra3 21. Rc1 Kf8 22. Rc2 b5 23. d4 Ke7 24. Nb1 Ra4 25. Nbd2 Nd5 26. Nb3 Nb4 27. Re2+ Kd6 28. Nc1 f6 29. Kf1 g5 30. h3 h5 31. Ke1 g4 32. hxg4 hxg4 33. Nh2 Nd5 34. Nxg4 Rxd4 35. Ne3 Nxe3 36. Rxe3 Rg4 37. g3 c5 38. Rf3 Ke6 39. Kd2 b4 40. Nd3 Rd4 41. Kc2 b6 42. Re3+ Kf7 43. Nb2 f5 44. Kb3 f4 45. Rf3 Ke6 46. Rxf4 Rd2 47. Re4+ Kd5 48. Re3 b5 49. Rd3+ Rxd3+ 50. Nxd3 c4+ 51. Kc2 cxd3+ 52. Kxd3 Ke5 53. Ke3 Kf5 54. Kd4 Kg4 55. Kc5 Kxg3 56. Kxb4 Kf4 57. Kxb5 Kf5 58. a4 Ke6 59. Kb6 Kd7 60. Kb7 1-0


[Site "https://www.chess.com"]

[Event "Titled Tuesday Blitz October 12 2021"]
[White "Paltrinieri, Nicholas"]
[Black "Van Foreest, Jorden"]
[WhiteFideId "828262"]
[BlackFideId "1039784"]
[WhiteElo "2254"]
[BlackElo "2600"]
[Result "0-1"]
[Round "03"]
[TimeControl "180+1"]
[Date "2021.10.12"]
[WhiteClock "0:00:04"]
[BlackClock "0:01:34"]

1. e4 a6 2. Nc3 b5 3. a3 c5 4. d3 e6 5. f4 d5 6. Nf3 Nf6 7. e5 d4 8. exf6 dxc3 9. bxc3 Qxf6 10. Bb2 Qxf4 11. Qe2 Bb7 12. c4 Nd7 13. Nd2 Be7 14. Bxg7 Bf6 15. Bxf6 Qxf6 16. Rb1 Rg8 17. Ne4 Qe5 18. Ng3 Bc6 19. Kd2 bxc4 20. dxc4 O-O-O 21. Kc1 Kc7 22. Qxe5+ Nxe5 23. Be2 Bxg2 24. Rg1 Bc6 25. Rf1 f5 26. Re1 f4 27. Nh5 f3 28. Bf1 f2 29. Rxe5 Rg1 30. Ng3 Bg2 31. Kb2 Rb8+ 32. Ka2 Rxb1 33. Kxb1 Bxf1 34. Ka2 Bxc4+ 35. Kb2 Rxg3 36. hxg3 f1=Q 0-1


[Site "https://www.chess.com"]

[Event "Titled Tuesday Blitz October 12 2021"]
[White "Perez Ponsa, Federico"]
[Black "Rastbod, Ali"]
[WhiteFideId "117927"]
[BlackFideId "12567477"]
[WhiteElo "2672"]
[BlackElo "2186"]
[Result "1-0"]
[Round "03"]
[TimeControl "180+1"]
[Date "2021.10.12"]
[WhiteClock "0:01:52"]
[BlackClock "0:01:16"]

1. d4 Nf6 2. Nf3 c5 3. d5 b5 4. Bg5 Qb6 5. a4 b4 6. e3 a5 7. Bc4 h6 8. Bh4 g5 9. Bg3 d6 10. Nbd2 Bg7 11. O-O Nh5 12. e4 Nxg3 13. hxg3 Bxb2 14. Bb5+ Bd7 15. Nc4 Qb7 16. Bxd7+ Nxd7 17. Nxb2 O-O 18. Nc4 f6 19. Re1 Ne5 20. Nfd2 Qa6 21. Qe2 Kg7 22. f4 Nxc4 23. Nxc4 1-0


[Site "https://www.chess.com"]